Map: Dédale EC

Players

Nilou - Winner!

  • Race: Terran Terran
  • Spawn Location: 1:00

IA (facile)

  • Race: Terran Terran
  • Spawn Location: 7:00

VOD

Have the link to the VOD?

Description

Time

  • Played on: June 4, 2018, 6:29 a.m.
  • Length: 5:02
Show
View Real Time Build Order
Export as new Build Order

Nilou Terran - Winner!

Build Orders: 1/1/1, Cyclone Opening 

Get SALT Encoding   

  12  0:01  SCV  
  13  0:13  SCV  
  14  0:19  Supply Depot  
  14  0:25  SCV  
  15  0:41  SCV  
  15  0:42  Barracks  
  16  0:46  Refinery  
  16  0:53  SCV  
  16  0:54  Refinery  
  17  1:05  SCV  
  18  1:18  SCV  
  19  1:28  Marine  
  19  1:30  Orbital Command  
  20  1:34  Factory  
  20  1:42  Supply Depot  
  20  1:47  Marine  
  21  1:57  SCV  
  22  2:09  SCV  
  22  2:12  Barracks Reactor  
  23  2:20  Starport  
  23  2:21  Cyclone  
  26  2:25  SCV  
  27  2:32  Supply Depot  
  27  2:37  SCV  
  28  2:47  Marine  
  28  2:48  Marine  
  30  2:51  SCV  
  30  2:54  Cyclone  
  34  3:00  Supply Depot  
  34  3:02  Medivac  
  36  3:12  Marine x2  
  38  3:26  Cyclone  
  41  3:30  Marine x2  
  43  3:34  Medivac  
  45  3:44  Supply Depot  
  45  3:47  Supply Depot  
  45  3:48  Marine x2  
  47  4:05  Cyclone  
  50  4:12  Marine x2  
  50  4:13  Viking  
  50  4:16  Engineering Bay  
  54  4:41  Marine x2  
  54  4:44  Missile Turret  
Show
View Real Time Build Order
Export as new Build Order

IA (facile) Terran 

Build Orders:  

Get SALT Encoding   

  12  0:00  SCV  
  13  0:13  SCV  
  14  0:18  Supply Depot  
  14  0:25  SCV  
  15  0:40  SCV  
  15  0:42  Barracks  
  16  0:45  Refinery  
  16  1:09  Supply Depot  
  16  1:19  Refinery  
  16  1:30  Marine  
  16  1:31  Orbital Command  
  17  1:48  Barracks Tech Lab  
  17  2:06  Marine  
  18  2:12  Supply Depot  
  18  2:13  SCV  
  19  2:25  SCV  
  20  2:32  Marine  
  21  2:37  SCV  
  22  2:49  SCV  
  23  2:58  Marauder  
  25  3:01  SCV  
  26  3:13  SCV  
  27  3:23  Marine  
  28  3:49  Marauder  
  30  4:15  Marauder  
  32  4:22  Supply Depot  
  26  4:30  SCV  
  22  4:36  Marauder  
  23  4:42  SCV  
Tags
 
Matchup
TvT
Race
Terran
Spawn Locations
Cross Positions
Add a new tag
Caveats
  • Supply blocks, unpowered buildings, or Contaminate may cause inaccurate times.
  • Supply counts are checked every 10 seconds.